 Dungeon Crawl Stone Soup version 0.30-b1-2-g02819fbbbe (webtiles) character file.

Game seed: 3624728925331137127

1881 Borgoz the Cudgeller (level 9, -3/56 HPs)
             Began as a Gargoyle Berserker on June 17, 2023.
             Was a Priest of Trog.
             Killed from afar by Maggie (16 damage)
             ... with a bolt of fire
             ... on level 7 of the Dungeon.
             The game lasted 00:15:46 (5310 turns).

Borgoz the Cudgeller (Gargoyle Berserker)           Turns: 5310, Time: 00:15:47

Health: -3/56      AC:  8    Str: 22    XL:     9   Next: 14%
Magic:  9/9        EV: 11    Int:  7    God:    Trog [***...]
Gold:   494        SH:  8    Dex: 13    Spells: 8/8 levels left

rFire   . . .        a - +1 mace (protect)
rCold   + . .        q - +0 kite shield
rNeg    + . .        l - +2 ring mail
rPois   ∞            (no helmet)
rElec   +            (no cloak)
rCorr   .            p - +0 pair of gloves
SInv    .            (no boots)
Will    ++...        (no amulet)
Stlth   +            s - ring of protection from cold
HPRegen 1.29/turn    (no ring)
MPRegen 0.11/turn

%: no passive effects
@: strong-willed, corroded, on berserk cooldown, regenerating, slowed, studying
Dodging, very slow
A: sickness immunity, AC +6, negative energy resistance 1, electricity
resistance, torment resistance 1, petrification resistance
a: Renounce Religion, Berserk, Trog's Hand


You were on level 7 of the Dungeon.
You worshipped Trog.
Trog was most pleased with you.
You visited 1 branch of the dungeon, and saw 7 of its levels.

You collected 494 gold pieces.

Inventory:

Hand Weapons
 a - a +1 mace of protection (weapon)
Armour
 l - a +2 ring mail (worn)
 p - a +0 pair of gloves (worn)
 q - a +0 kite shield (worn)
Jewellery
 s - a ring of protection from cold (left hand)
Scrolls
 b - 3 scrolls of teleportation
 d - a scroll of amnesia {unknown}
 g - a scroll of fog
 j - a scroll of torment {unknown}
 m - 2 scrolls of brand weapon
 o - a scroll of enchant armour
 r - 3 scrolls of magic mapping
Potions
 c - 2 potions of mutation
 e - a potion of haste
 f - a potion of heal wounds
 h - 2 potions of flight
 i - 3 potions of curing
 k - a potion of might
 n - a potion of ambrosia


   Skills:
 * Level 6.5 Fighting
 * Level 7.4 Maces & Flails
 * Level 6.1 Armour
 + Level 4.6 Dodging
 + Level 2.1 Stealth
 + Level 1.9 Shields


You had 8 spell levels left.
You didn't know any spells.
Your spell library was empty.

Dungeon Overview and Level Annotations

Branches:
Dungeon (7/15)
 Temple: D:4-7

Altars:
Gozag
Makhleb
Nemelex Xobeh
Sif Muna
Uskayaw
Vehumet

Shops:
D:6 [

Annotations:
D:7 Maggie


Innate Abilities, Weirdness & Mutations

You are immune to sickness and miasma.
Your stone body is resilient. (AC +6)
You are immune to poison.
You resist negative energy. (rN+)
You are resistant to electric shocks. (rElec)
You are resistant to unholy torment.
You are immune to petrification.


Message History

The black bear closely misses you.
You completely miss the black bear.
The black bear is almost dead.
The black bear bites you but does no damage.
You block the black bear's attack.
The black bear claws you but does no damage.
You block Maggie's attack.
You bludgeon the black bear!!
You kill the black bear!
Trog accepts your kill. Maggie hits you but does no damage.
You completely miss Maggie.
Maggie is moderately wounded.
You block Maggie's attack.
You hit Maggie but do no damage.
Maggie is moderately wounded.
You are too berserk!
You barely miss Maggie.
Maggie is moderately wounded.
Maggie barely misses you.
Maggie says, "Leave now, and tell all of Margery's mercy!"
You feel a strong urge to attack something.
You are no longer berserk.
You are exhausted.
You feel yourself slow down.
You feel much better. Maggie casts a spell at you. The bolt of fire hits you.
Okay, then.
Your skin crawls.
You feel strong-willed.
Maggie zaps a wand.
The bolt of acid hits you! The acid corrodes you!
You barely miss Maggie.
Maggie is moderately wounded.
Maggie zaps a wand.
The bolt of acid hits you!
* * * LOW HITPOINT WARNING * * *
The acid corrodes you! Maggie gestures at you while chanting.
The bolt of fire hits you!
You die...

# .. #...
#. ..#..#
#.. .#..###
.. ..>..
...#.#...#
.......†.#
#..# #@.#
#@.# #..#
####..#
#.....#
#.##.## ##
#.##.# ..
####.##.#
.# #
#.....#.#
.#
#.###.###.#


You could see Maggie.

Vanquished Creatures
  Eustachio (D:5)
  A wyvern (D:6)
  An orc warrior (D:6)
  2 ice beasts
  A black bear (D:7)
  3 phantoms
  A bullfrog (D:7)
  3 scorpions (D:6)
  5 hounds
  A sleepcap (D:5)
  A gnoll bouda (D:7)
  5 orc priests
  2 iguanas
  4 orc wizards
  5 gnolls (D:7)
  10 adders
  A white imp (D:6)
  2 worms
  3 dart slugs
  12 orcs
  8 ball pythons
  11 endoplasms
  3 giant cockroaches
  9 goblins
  12 hobgoblins
  5 jackals (D:3)
  4 quokkas
  6 bats
  6 frilled lizards
  3 kobolds
  15 rats
146 creatures vanquished.

Notes
Turn   | Place    | Note
-------+----------+-------------------------------------------
     0 | D:1      | Borgoz the Gargoyle Berserker began the quest for the Orb.
     0 | D:1      | Reached XP level 1. HP: 14/14 MP: 1/1
   137 | D:1      | Reached XP level 2. HP: 2/19 MP: 2/2
   753 | D:1      | Reached XP level 3. HP: 23/23 MP: 3/3
   807 | D:1      | Reached ** piety under Trog
  1163 | D:2      | Reached XP level 4. HP: 29/29 MP: 4/4
  1350 | D:2      | Identified the +6 quarterstaff of the Unliving {pain, *Rage
                  | rN++ Will+ Str+5}
  1992 | D:3      | Identified the +12 dagger "Sufyff" {pain, +Blink Str+4
                  | Dex-3}
  2054 | D:3      | Reached skill level 4 in Maces & Flails
  2323 | D:3      | Reached XP level 5. HP: 33/33 MP: 5/5
  2525 | D:3      | Reached XP level 6. HP: 35/39 MP: 6/6
  2685 | D:3      | Reached *** piety under Trog
  2808 | D:4      | Found an opulent altar of Gozag.
  3038 | D:4      | Found a radiant altar of Vehumet.
  3172 | D:4      | You fall into a shaft and drop 3 floors!
  3184 | D:7      | Reached skill level 5 in Maces & Flails
  3213 | D:7      | Reached XP level 7. HP: 37/44 MP: 7/7
  3363 | D:6      | Reached skill level 5 in Fighting
  3369 | D:6      | Reached skill level 6 in Maces & Flails
  3409 | D:5      | Entered Level 5 of the Dungeon
  3445 | D:5      | Noticed Eustachio
  3458 | D:5      | Killed Eustachio
  3459 | D:5      | Reached XP level 8. HP: 50/50 MP: 8/8
  3511 | D:5      | Reached skill level 5 in Armour
  3616 | D:5      | Found a shimmering blue altar of Sif Muna.
  3757 | D:5      | Noticed a +0 dagger
  3757 | D:5      | Noticed a +0 dagger
  3762 | D:5      | Found a hide-covered altar of Uskayaw.
  3763 | D:5      | Identified a scroll of acquirement
  3763 | D:5      | Acquired a manual of Dodging
  3981 | D:4      | Found a sparkling altar of Nemelex Xobeh.
  4315 | D:5      | Reached skill level 7 in Maces & Flails
  4499 | D:5      | Reached skill level 1 in Stealth
  4615 | D:5      | Reached skill level 1 in Shields
  4725 | D:6      | Noticed a wyvern
  4737 | D:6      | Killed a wyvern
  4826 | D:6      | Found Bekuuc's Armour Shoppe.
  4850 | D:6      | Reached XP level 9. HP: 55/56 MP: 9/9
  4939 | D:6      | Found a burning altar of Makhleb.
  5281 | D:7      | Noticed Maggie
  5310 | D:7      | Killed from afar by Maggie

Illustrated notes

Levels and vault maps discovered:
D:1:      dpeg_arrival_tiny_d, layout_loops_corners
D:2:      layout_basic, minmay_hexomino_u4
D:3:      layout_loops_cross, kennysheep_minor_cross, kennysheep_orc_chapel
D:4:      layout_basic, mainiacjoe_overflow_small_starburst,
          mainiacjoe_overflow_alcove_2, grunt_gozag_statues
D:5:      layout_gridville, dancing_weapons_uskayaw, led_sif_pool,
          uniq_eustachio
D:6:      layout_basic, mainiacjoe_overflow_cross_hatched, serial_shops, shop
D:7:      layout_basic, lemuel_tele_altar, amethyst_overflow_temple_binary,
          lemuel_temple_firewalk_b, biasface_ghost_orc_armoury, uniq_maggie

Skill      XL: |  1  2  3  4  5  6  7  8  9 |
---------------+----------------------------+-----
Dodging        | 2 3 4 |  4.6
Armour         | 3 4 5 6 |  6.1
Maces & Flails | 4 5 6 7 |  7.4
Fighting       | 4 5 6 |  6.5
Stealth        | 1 2 |  2.1
Shields        | 1 |  1.9

Action                     |  1- 3 |  4- 6 |  7- 9 || total
---------------------------+-------+-------+-------++-------
  Melee: Mace              |   107 |   200 |   299 ||   606
 Invoke: Berserk           |     3 |     5 |     4 ||    12
         Trog's Hand       |       |     1 |     1 ||     2
    Use: Scroll            |     1 |    13 |    10 ||    24
         Potion            |       |       |     1 ||     1
 Armour: Animal skin       |    33 |       |       ||    33
         Ring mail         |     7 |   108 |   206 ||   321
  Dodge: Dodged            |    69 |   105 |   160 ||   334
  Block: Kite shield       |       |    54 |   103 ||   157
